 Dungeon Crawl Stone Soup version 0.26.1-11-gd32895ea62 (webtiles) character file.

Game seed: 11527925978011602950

140 Zeld the Changer (level 5, 0/34 HPs)
             Began as an Octopode Transmuter on May 28, 2021.
             Slain by an orc (3 damage)
             ... on level 3 of the Dungeon.
             The game lasted 00:04:09 (3725 turns).

Zeld the Changer (Octopode Transmuter)              Turns: 3725, Time: 00:04:10

Health: 0/34       AC:  1    Str: 11    XL:     5   Next: 23%
Magic:  9/9        EV: 14    Int: 21    God:
Gold:   168        SH:  0    Dex: 12    Spells: 0/10 levels left

rFire    . . .     SeeInvis .     - Unarmed
rCold    . . .     Faith    .   (no shield)
rNeg     . . .     Spirit   .   (helmet currently unavailable)
rPois    .         Reflect  .   (no amulet)
rElec    .         Harm     .   e - +6 ring of intelligence (curse)
rCorr    .         Rampage  .   (no ring)
Will     .....                  (no ring)
Stlth    ++........             (no ring)
HPRegen  0.11/turn              (no ring)
MPRegen  0.11/turn              (no ring)
                                (no ring)
                                (no ring)

@: appendages
A: almost no armour, stealthy swim, amphibious, 8 rings, constrict 8, tentacle
spike 3, camouflage 1, gelatinous body 1
a: End Transformation


You were on level 3 of the Dungeon.
One of your tentacles had a temporary spike.
You visited 1 branch of the dungeon, and saw 3 of its levels.

You collected 168 gold pieces.

Inventory:

Jewellery
 e - a cursed +6 ring of intelligence (left tentacle)
Wands
 h - a wand of disintegration (12)
 m - a wand of flame (18)
Scrolls
 b - a scroll of random uselessness {unknown}
 c - a scroll of immolation {unknown}
 d - 3 scrolls of remove curse {unknown}
 f - 2 scrolls of identify {unknown}
 i - 2 scrolls of magic mapping {unknown}
 j - a scroll of enchant armour {unknown}
 l - a scroll of noise {unknown}
 p - a scroll of blinking {unknown}
Potions
 a - a potion of mutation {unknown}
 g - a potion of might {unknown}
 k - a potion of curing {unknown}
 n - a potion of flight {unknown}
 o - a potion of heal wounds {unknown}


   Skills:
 + Level 2.1 Fighting
 + Level 2.8 Dodging
 - Level 3.0 Unarmed Combat
 * Level 3.1 Spellcasting
 * Level 3.3 Transmutations


You couldn't memorise any spells.
You knew the following spells:

 Your Spells              Type           Power        Failure   Level
a - Beastly Appendage     Tmut           34%          3%          1
b - Wereblood             Tmut           17%          4%          2
c - Spider Form           Tmut/Pois      5%           21%         3
d - Ice Form              Ice/Tmut       10%          54%         4

Your spell library contained the following spells:

 Spells                   Type           Power        Failure   Level
 Blade Hands              Tmut           8%           65%         5


Dungeon Overview and Level Annotations

Branches:
Dungeon (3/15)

Altars:


Innate Abilities, Weirdness & Mutations

You cannot wear most types of armour.
You are very stealthy in the water. (Stealth+)
You are amphibious.
You can wear up to eight rings at the same time.
You can use your tentacles to constrict eight enemies at once.
Your skin changes colour to match your surroundings (Stealth+).
Your rubbery body absorbs attacks. (AC +1, EV +1)
One of your tentacles bears a large vicious spike.


Message History

An orc comes into view.
Items here: ))) †.
You tentacle-slap the hobgoblin but do no damage.
Your grab misses the hobgoblin.
You pierce the hobgoblin.
Your squeeze misses the hobgoblin.
The hobgoblin is moderately wounded.
The hobgoblin hits you with a +0 club.
* * * LOW HITPOINT WARNING * * *
You tentacle-slap the hobgoblin.
You kill the hobgoblin!
The orc hits you.
* * * LOW HITPOINT WARNING * * *
Items here: )) ††.
Press: ? - help, v - describe, . - travel
Here: an orc The floor.
You closely miss the orc. Your grab misses the orc. The orc hits you.
* * * LOW HITPOINT WARNING * * *
The orc hits you.
You die...

#.#####.##
##..>......#.#(# #.#
##.###.###.#.##...#.#
#.#
##...####.#.######.#
#.## ##.#.......# #.#
#..# #.#.#####.# ..#
##.# #.#.# #.#### ##
#.# #...# #.##)# #.#
###.# #.#)#.# #.#
#@#####..###.. #.#
#.o.....## #.# #.#
####...## #.# ##.#
##.#.# ## #..#
#..##.# #.## #.## #.#
#g# #. #.# #.# #? .#
#g# #. .


You could see an orc.

Vanquished Creatures
  A jelly (D:3)
  Robin (D:3)
  A dart slug (D:3)
  3 worms (D:2)
  3 leopard geckos
  5 orcs (D:3)
  A ball python (D:2)
  2 giant cockroaches
  14 goblins
  11 hobgoblins
  6 jackals
  4 quokkas
  4 bats
  4 frilled lizards
  5 kobolds
  12 rats
77 creatures vanquished.

Vanquished Creatures (others)
  7 plants (D:1)
7 creatures vanquished.

Grand Total: 84 creatures vanquished

Notes
Turn   | Place    | Note
-------+----------+-------------------------------------------
     0 | D:1      | Zeld the Octopode Transmuter began the quest for the Orb.
     0 | D:1      | Reached XP level 1. HP: 13/13 MP: 3/3
   324 | D:1      | Reached XP level 2. HP: 13/18 MP: 3/5
  1021 | D:1      | Reached XP level 3. HP: 23/23 MP: 4/6
  1024 | D:1      | Learned a level 2 spell: Wereblood
  1028 | D:1      | Learned a level 3 spell: Spider Form
  2336 | D:3      | Reached XP level 4. HP: 24/28 MP: 6/8
  2414 | D:3      | Noticed Robin
  2833 | D:3      | Killed Robin
  3337 | D:3      | Reached XP level 5. HP: 9/34 MP: 7/9
  3605 | D:3      | Learned a level 4 spell: Ice Form
  3725 | D:3      | Slain by an orc

Illustrated notes

Levels and vault maps discovered:
D:1:      roderic_crop_circles_arrival_small, layout_loops_ring,
          minmay_misc_feat_diagonals
D:2:      layout_loops_ring, fountainhead
D:3:      layout_loops_ring, uniq_robin

Skill      XL: |  1  2  3  4 |
---------------+-------------+-----
Transmutations | 3 |  3.3
Fighting       | 2 |  2.1
Spellcasting   | 3 |  3.1
Dodging        | |  2.8
Unarmed Combat | |  3.0

Action                   |  1- 3 |  4- 6 || total
-------------------------+-------+-------++-------
Melee: Unarmed           |   103 |    64 ||   167
       Constrict         |    36 |    16 ||    52
       Tentacles         |    18 |     2 ||    20
       Kick              |    18 |    11 ||    29
 Cast: Beastly Appendage |    29 |    17 ||    46
       Spider Form       |       |     1 ||     1
       Wereblood         |       |     1 ||     1
 Stab: Sleeping          |     6 |     2 ||     8
Armor: Skin              |     6 |     7 ||    13
Dodge: Dodged            |    61 |    48 ||   109
